 Dungeon Crawl Stone Soup version 0.27.1-35-g4d5d836560 (webtiles) character file.

Game seed: 15614284260337005810

207 cbfl8 the Sneak (level 5, -2/47 HPs)
             Began as a Minotaur Delver on Apr 1, 2022.
             Slain by a wyvern (11 damage)
             ... on level 4 of the Dungeon.
             The game lasted 00:02:59 (1475 turns).

cbfl8 the Sneak (Minotaur Delver)                   Turns: 1475, Time: 00:02:59

Health: -2/47      AC:  3    Str: 18    XL:     5   Next: 54%
Magic:  4/4        EV: 12    Int:  7    God:
Gold:   26         SH:  0    Dex: 11    Spells: 4/4 levels left

rFire    . . .     SeeInvis .   a - +0 hand axe
rCold    . . .     Faith    .   (no shield)
rNeg     . . .     Spirit   .   b - +0 leather armour
rPois    .         Reflect  .   (helmet restricted)
rElec    .         Harm     .   (no cloak)
rCorr    .         Rampage  .   (no gloves)
Will     .....                  (no boots)
Stlth    +++.......             (no amulet)
HPRegen  0.15/turn              (no ring)
MPRegen  0.09/turn              (no ring)

@: hasted, very quick
A: horns 2, retaliatory headbutt
a: no special abilities


You were on level 4 of the Dungeon.
You visited 1 branch of the dungeon, and saw 2 of its levels.

You collected 26 gold pieces.

Inventory:

Hand Weapons
 a - a +0 hand axe (weapon)
Armour
 b - a +0 leather armour (worn)
Wands
 g - a wand of digging (3)
Scrolls
 c - a scroll of fog
 d - a scroll of magic mapping
Potions
 h - a potion of invisibility {unknown}


   Skills:
 + Level 4.4 Fighting
 + Level 3.2 Axes
 + Level 2.1 Armour
 + Level 2.6 Dodging
 + Level 5.5 Stealth


You had 4 spell levels left.
You didn't know any spells.
Your spell library contained the following spells:

 Spells                   Type           Power      Damage    Failure   Level
 Apportation              Tloc           0%         N/A       50%         1
 Inner Flame              Hex/Fire       0%         N/A       86%         3
 Portal Projectile        Hex/Tloc       0%         N/A       86%         3
 Cause Fear               Hex            0%         N/A       99%         4
 Alistair's Intoxication  Tmut/Pois      0%         N/A       100%        5
 Blade Hands              Tmut           0%         N/A       100%        5
 Excruciating Wounds      Necr           0%         N/A       100%        5
 Invisibility             Hex            0%         N/A       100%        6
 Discord                  Hex            0%         N/A       100%        8


Dungeon Overview and Level Annotations

Branches:
Dungeon (5/15)
 Temple: D:4-7

Altars:
Kikubaaqudgha


Innate Abilities, Weirdness & Mutations

You have a pair of horns on your head.
You reflexively headbutt those who attack you in melee.


Message History

You start waiting.
Done waiting.
You see here an iguana skeleton.
Found a mace.
Found the Incunabulum of Existentialism.
An orc wizard comes into view.
It is wielding a +0 short sword and carrying a wand of iceblast (10).
A black bear comes into view.
A centaur comes into view.
The black bear growls angrily.
The centaur shouts!
You hear a shout!
The centaur wields a +0 shortbow.
The centaur shoots an arrow.
The arrow hits you.
The centaur shoots an arrow.
The arrow barely misses you.
As you read the scroll of fear, it crumbles to dust.
You assume a fearsome visage.
The black bear looks frightened!
The centaur looks frightened!
The centaur yells at you, "GO AWAY!"
Found a stone staircase leading up.
There is a stone staircase leading up here.
A jackal comes into view.
An orc comes into view. It is wielding a +0 club.
The orc moves out of view.
There is a stone staircase leading up here.
You climb upwards.
Found five items.
Found a stone staircase leading up.
There is a stone staircase leading down here.
A wyvern comes into view.
Found a ring mail.
The wyvern hisses angrily.
The wyvern bites you!!
There is a stone staircase leading up here.
Okay, then.
You feel yourself speed up. The wyvern closely misses you.
The wyvern bites you!!
* * * LOW HITPOINT WARNING * * *
The wyvern bites you.
* * * LOW HITPOINT WARNING * * *
Found a ring mail.
You see here 8 gold pieces.
The wyvern bites you!
You die...

######## #.?....#
###### #....(.#
##..... .......#
.....# .# .....$.#
#.##.# [#
.......######.##@# .#
...............l.# .#
......$.......###...#
.# ...>..!.......#
.### r#
..............#
.#####.#
.###..........#
.##.S>.# .#
#..........# .##.####
## #..........# .##
#........[.# ..


You could see a wyvern.

Vanquished Creatures
  A necrophage (D:5)
  A centaur skeleton (D:5)
  3 iguanas (D:5)
  A howler monkey skeleton (D:5)
  An adder (D:5)
7 creatures vanquished.

Vanquished Creatures (others)
  A human (D:5)
1 creature vanquished.

Grand Total: 8 creatures vanquished

Notes
Turn   | Place    | Note
-------+----------+-------------------------------------------
     0 | D:5      | cbfl8 the Minotaur Delver began the quest for the Orb.
     0 | D:5      | Reached XP level 1. HP: 19/19 MP: 0/0
    46 | D:5      | Reached XP level 2. HP: 12/27 MP: 1/1
   286 | D:5      | Reached XP level 3. HP: 18/33 MP: 2/2
   531 | D:5      | Reached skill level 5 in Stealth
   531 | D:5      | Reached XP level 4. HP: 13/40 MP: 3/3
   654 | D:5      | Reached skill level 1 in Armour
   878 | D:5      | Found an ancient bone altar of Kikubaaqudgha.
   879 | D:5      | Noticed a human
   881 | D:5      | Killed a human
   920 | D:5      | Noticed a necrophage
   928 | D:5      | Killed a necrophage
   929 | D:5      | Reached XP level 5. HP: 35/47 MP: 4/4
  1386 | D:5      | Noticed a black bear
  1387 | D:5      | Noticed a centaur
  1448 | D:4      | Noticed a wyvern
  1475 | D:4      | Slain by a wyvern

Illustrated notes

Levels and vault maps discovered:
D:4:      layout_basic
D:5:      layout_rooms, tgw_kikubaaqudgha, minmay_starry_boxes,
          uniq_blork_the_orc

Skill      XL: |  1  2  3  4 |
---------------+-------------+-----
Fighting       | 4 |  4.4
Stealth        | 5 |  5.5
Armour         | 2 |  2.1
Axes           | 3 |  3.2
Dodging        | |  2.6

Action                   |  1- 3 |  4- 6 || total
-------------------------+-------+-------++-------
Melee: Hand axe          |    27 |    13 ||    40
       Headbutt          |     4 |     5 ||     9
  Use: Scroll            |       |     1 ||     1
       Potion            |       |     1 ||     1
Armor: Leather armour    |     5 |     4 ||     9
Dodge: Dodged            |    15 |    12 ||    27
